Map: Emerald City LE

Players

Ratl - Winner!

  • Race: Protoss Protoss
  • League: Silver
  • Spawn Location: 5:00

Chacal - Winner!

  • Race: Terran Terran
  • Spawn Location: 5:00

A.I. 2 (Harder)

  • Race: Terran Terran
  • Spawn Location: 11:00

A.I. 3 (Harder)

  • Race: Protoss Protoss
  • Spawn Location: 11:00

VOD

Have the link to the VOD?

Description

Time

  • Played on: Jan. 14, 2020, 5:34 p.m.
  • Length: 15:17
Show
View Real Time Build Order
Export as new Build Order

Ratl Protoss - Winner!

Build Orders:  

Get SALT Encoding   

  12  0:01  Probe  
  13  0:13  Probe  
  14  0:18  Pylon  
  14  0:25  Probe  
  15  0:38  Probe, Gateway  
  16  0:50  Probe  
  17  0:57  Gateway  
  17  1:02  Probe  
  18  1:11  Assimilator  
  18  1:14  Probe (Chrono Boost)  
  18  1:15  Assimilator  
  20  1:26  Probe (Chrono Boost)  
  20  1:28  Cybernetics Core  
  20  1:31  Probe (Chrono Boost)  
  21  1:40  Probe  
  22  1:52  Probe  
  23  2:12  Pylon  
  23  2:14  Warp Gate (Chrono Boost), Pylon  
  23  2:30  Probe, Stalker x2  
  23  2:35  Robotics Facility  
  28  2:42  Probe  
  29  2:57  Probe  
  30  2:59  Nexus  
  30  3:09  Probe  
  31  3:18  Stargate  
  31  3:21  Probe  
  31  3:24  Stalker  
  34  3:34  Probe, Observer  
  36  3:46  Probe  
  37  3:53  Pylon  
  37  3:58  Probe  
  37  4:02  Assimilator  
  38  4:04  Stargate  
  38  4:10  Probe  
  38  4:11  Probe  
  40  4:22  Probe  
  40  4:23  Probe  
  42  4:27  Fleet Beacon  
  42  4:48  Probe (Chrono Boost)  
  44  4:54  Probe (Chrono Boost), Assimilator  
  44  4:58  Probe (Chrono Boost)  
  45  5:02  Probe (Chrono Boost), Stalker  
  45  5:03  Probe (Chrono Boost), Stalker  
  51  5:11  Unknown  
  51  5:12  Probe  
  52  5:15  Probe  
  53  5:26  Pylon  
  53  5:29  Pylon  
  53  5:32  Protoss Air Weapons Level 1 (Chrono Boost)  
  53  5:35  Cybernetics Core  
  53  5:37  Pylon  
  53  5:38  Probe x2  
  55  5:50  Probe  
  56  6:02  Immortal  
  56  6:10  Void Ray x2 (Chrono Boost)  
  68  6:21  Probe x2  
  68  6:23  Nexus  
  68  6:25  Pylon x2  
  70  6:28  Pylon  
  70  6:33  Probe x2  
  72  6:45  Probe, Oracle (Chrono Boost)  
  72  6:46  Probe  
  77  6:48  Zealot x2  
  81  6:58  Probe x2  
  77  7:17  Oracle  
  77  7:23  Probe x2  
  77  7:27  Immortal (Chrono Boost), Oracle, Protoss Air Armor Level 1  
  89  7:35  Probe x2  
  91  7:54  Oracle, Zealot x2, Assimilator  
  91  7:57  Pylon  
  98  8:00  Assimilator  
  98  8:04  Oracle  
  101  8:16  Gateway  
  101  8:18  Gateway  
  101  8:19  Gateway  
  101  8:21  Gateway  
  101  8:23  Gateway  
  101  8:28  Protoss Air Weapons Level 2  
  101  8:31  Oracle  
  104  8:41  Oracle, Zealot x2  
  106  8:44  Immortal  
  115  9:06  Stalker  
  115  9:07  Stalker  
  115  9:08  Oracle  
  122  9:18  Oracle  
  122  9:21  Probe x2  
  122  9:24  Immortal  
  131  9:33  Probe  
  131  9:34  Probe  
  133  10:02  Void Ray  
  115  10:17  Immortal  
  119  10:30  Void Ray  
  123  10:45  Void Ray  
  124  10:56  Immortal  
  110  11:26  Stargate  
  110  11:28  Stargate x2  
  110  11:30  Pylon  
  110  11:32  Pylon  
  110  11:34  Stargate  
  110  11:57  Nexus  
  110  11:58  Pylon  
  110  11:59  Assimilator  
  110  12:00  Pylon x2  
  110  12:03  Assimilator  
  108  12:11  Immortal, Void Ray  
  108  12:13  Void Ray  
  98  12:49  Void Ray x3  
  98  12:51  Void Ray  
  118  12:53  Void Ray  
  118  12:55  Void Ray  
  118  12:57  Warp Prism (Chrono Boost)  
  124  13:08  Probe x2  
  124  13:29  Void Ray x2  
  124  13:30  Immortal (Chrono Boost)  
  124  13:32  Void Ray  
  132  13:38  Void Ray  
  144  14:24  Zealot x2  
  148  14:35  Pylon  
  148  14:37  Pylon x2  
  148  14:39  Pylon x4  
  148  14:40  Pylon  
Show
View Real Time Build Order
Export as new Build Order

Chacal Terran - Winner!

Build Orders:  

Get SALT Encoding   

  12  0:03  SCV  
  13  0:15  SCV  
  14  0:24  Supply Depot  
  14  0:27  SCV  
  15  0:45  SCV  
  16  0:55  Barracks  
  16  1:02  SCV  
  17  1:14  SCV  
  17  1:16  Engineering Bay  
  18  1:22  Refinery  
  18  1:26  SCV  
  19  1:46  Barracks, Refinery  
  19  1:59  SCV  
  20  2:11  SCV  
  20  2:13  Supply Depot  
  21  2:23  SCV  
  22  2:36  SCV, Supply Depot  
  23  2:37  Terran Infantry Weapons Level 1  
  23  2:44  Marine  
  23  2:48  SCV  
  25  3:00  SCV  
  25  3:02  Marine  
  27  3:07  Reaper  
  28  3:20  Marine  
  28  3:22  Factory  
  29  3:38  Marine  
  29  3:39  Reaper  
  31  3:49  Supply Depot  
  31  3:56  Reaper  
  31  4:00  SCV  
  33  4:09  Missile Turret  
  33  4:11  Reaper  
  33  4:13  SCV, Supply Depot  
  33  4:15  Hellion  
  37  4:25  SCV  
  37  4:28  Marine  
  39  4:32  Terran Infantry Armor Level 1  
  39  4:36  Hellion  
  39  4:37  SCV  
  42  4:43  Supply Depot, Reaper  
  43  4:46  Marine  
  43  4:49  SCV  
  45  4:58  Hellion  
  47  5:01  SCV  
  47  5:04  Reaper  
  47  5:06  Supply Depot  
  49  5:13  SCV  
  50  5:15  Reaper  
  50  5:19  Hellion  
  53  5:25  SCV  
  53  5:27  Starport  
  54  5:33  Armory  
  54  5:36  Marine  
  54  5:37  SCV  
  56  5:47  Reaper  
  56  5:49  SCV  
  58  5:53  Marine  
  59  6:08  Command Center  
  59  6:23  Missile Turret  
  61  6:34  Viking  
  61  6:44  Terran Vehicle Weapons Level 1  
  61  6:47  Liberator  
  61  6:59  Reaper  
  62  7:02  Refinery  
  65  7:31  Reaper  
  65  7:34  Hellbat  
  68  7:47  Viking, Refinery  
  68  7:49  SCV  
  71  7:56  Hellbat  
  73  8:00  Liberator  
  73  8:01  SCV  
  73  8:03  Marine  
  75  8:14  SCV  
  75  8:17  Hellbat  
  81  8:26  SCV  
  82  8:31  Supply Depot  
  82  8:39  Hellbat  
  84  8:54  Supply Depot  
  84  9:00  Hellbat  
  86  9:12  SCV  
  87  9:21  Reaper  
  88  9:24  SCV  
  88  9:27  Widow Mine  
  91  9:33  Reaper  
  91  9:37  SCV  
  93  9:48  Widow Mine  
  93  9:49  SCV  
  96  9:53  Reaper  
  97  10:05  Reaper  
  98  10:10  Widow Mine  
  88  10:25  Reaper  
  89  10:31  Hellbat  
  91  10:37  Reaper  
  92  10:53  Hellbat  
  94  10:57  Reaper  
  95  11:09  Reaper  
  96  11:29  Reaper  
  95  11:41  Reaper  
  66  13:39  Widow Mine  
  68  13:43  Reaper  
  69  13:53  Reaper  
  70  14:01  Widow Mine  
  72  14:06  Viking  
  74  14:15  Reaper  
  75  14:22  Widow Mine  
  77  14:25  Reaper  
  78  14:36  Viking  
  80  14:43  Widow Mine  
Show
View Real Time Build Order
Export as new Build Order

A.I. 2 (Harder) Terran 

Build Orders:  

Get SALT Encoding   

  12  0:01  SCV  
  13  0:13  SCV  
  14  0:18  Supply Depot  
  14  0:25  SCV  
  15  0:40  SCV  
  16  0:45  Barracks  
  16  0:50  Refinery  
  16  0:52  SCV  
  17  1:04  SCV  
  18  1:16  SCV  
  19  1:21  Supply Depot  
  19  1:29  SCV  
  19  1:32  Marine  
  21  1:41  Barracks  
  21  1:42  Orbital Command  
  21  1:50  Refinery  
  21  1:51  Barracks Tech Lab  
  21  2:05  Factory  
  21  2:09  Marine  
  22  2:22  Supply Depot  
  22  2:28  Marauder  
  24  2:30  Marine  
  25  2:49  Marine  
  26  2:51  Hellion  
  26  2:57  Supply Depot  
  28  2:59  Marine  
  29  3:07  Marine  
  30  3:17  Marine  
  31  3:24  Marine  
  32  3:29  Supply Depot  
  32  3:31  Hellion  
  34  3:43  Marauder  
  34  3:48  SCV  
  37  3:52  Hellion  
  39  4:00  SCV  
  39  4:01  Supply Depot  
  40  4:04  Marauder  
  42  4:12  SCV  
  42  4:13  Engineering Bay  
  42  4:14  Hellion  
  45  4:24  SCV  
  45  4:26  Marauder  
  48  4:35  Hellion  
  48  4:36  SCV  
  51  4:48  SCV  
  52  4:56  Hellion  
  53  6:11  Barracks Tech Lab  
  53  6:12  Marine, Terran Infantry Weapons Level 1, Stimpack  
  53  6:15  Factory, Factory Tech Lab  
  54  6:18  Starport  
  54  6:23  Starport, Command Center  
  54  6:26  Supply Depot  
  54  6:27  Missile Turret  
  54  6:29  Combat Shield  
  54  6:30  Marine  
  54  6:31  Marine  
  56  6:38  Siege Tank  
  59  6:48  Marine  
  59  6:51  Supply Depot  
  60  6:55  Starport Tech Lab  
  60  6:58  Starport Tech Lab  
  60  7:00  Factory Tech Lab  
  60  7:04  Missile Turret  
  56  7:10  Siege Tank  
  56  7:11  Marine  
  46  7:17  Marine  
  37  7:29  Marine  
  38  7:35  Marine  
  39  7:37  Siege Tank  
  39  7:38  SCV x2  
  39  7:44  Cyclone  
  47  7:50  Marine, SCV x2, Refinery  
  50  7:56  Marine  
  51  8:02  SCV  
  51  8:03  SCV  
  53  8:07  Terran Infantry Armor Level 1  
  53  8:08  Marine  
  54  8:13  Raven  
  54  8:14  SCV  
  54  8:15  Marauder  
  54  8:16  SCV  
  60  8:25  Raven  
  60  8:26  Marine  
  60  8:27  SCV  
  64  8:28  SCV  
  65  8:36  Marauder  
  65  8:37  Bunker  
  65  8:39  SCV  
  65  8:41  SCV  
  69  8:43  Missile Turret  
  69  8:44  Marauder  
  69  8:46  Concussive Shells  
  71  8:51  SCV  
  71  8:53  SCV  
  71  8:55  Missile Turret  
  73  8:58  Marauder  
  75  9:03  SCV  
  75  9:04  Sensor Tower  
  75  9:05  SCV  
  77  9:15  SCV  
  72  9:17  SCV  
  72  9:19  Bunker  
  66  9:27  SCV  
  66  9:29  SCV  
  68  9:34  Armory  
  62  9:38  Marauder  
  62  9:39  SCV  
  62  9:42  SCV  
  63  9:50  Marauder  
  63  9:51  SCV  
  66  9:54  SCV  
  67  10:01  Marauder  
  67  10:03  SCV  
  67  10:06  SCV  
  71  10:15  SCV, Barracks  
  71  10:18  SCV  
  73  10:28  SCV, Factory  
  74  10:38  Command Center  
  74  10:51  Starport  
  74  10:54  Medivac  
  76  10:58  Medivac  
  76  11:03  Barracks Reactor  
  78  11:07  Marine  
  78  11:10  Marine  
  77  11:12  Factory Tech Lab  
  77  11:24  Medivac  
  77  11:25  Marine  
  77  11:28  Raven, Viking  
  77  11:29  Marauder  
  80  11:43  Marine  
  69  11:54  Viking  
  69  11:59  Starport Reactor  
  65  12:02  SCV  
  53  12:09  SCV  
  53  12:11  Viking  
  53  12:15  SCV  
  54  12:21  Marine  
  39  12:26  Marine  
  36  12:30  Marine  
  36  12:33  Marine  
  35  12:39  Marine  
  36  12:48  Marine  
  33  12:52  Marine  
  22  13:06  Marine  
  22  13:07  SCV  
  22  13:10  Marine  
  22  13:16  SCV  
  22  13:23  Marine  
  22  13:30  Marine  
  15  13:46  Marine, SCV  
  15  13:47  SCV, Hellion  
  24  13:48  Marauder  
  24  13:49  Siege Tank  
  24  13:54  Viking  
  24  13:58  SCV  
  24  13:59  SCV  
  21  14:08  Hellion  
  21  14:10  SCV, Marauder  
  16  14:24  Viking  
  9  14:54  Command Center  
Show
View Real Time Build Order
Export as new Build Order

A.I. 3 (Harder) Protoss 

Build Orders: 1 Gate Expand 

Get SALT Encoding   

  12  0:01  Probe  
  13  0:13  Probe  
  14  0:20  Pylon  
  14  0:25  Probe  
  15  0:34  Probe  
  15  0:40  Gateway  
  15  0:42  Probe  
  17  1:08  Probe  
  17  1:12  Nexus  
  18  1:28  Pylon  
  18  1:29  Zealot  
  18  1:30  Assimilator  
  20  1:42  Cybernetics Core  
  20  1:43  Probe  
  21  1:55  Probe  
  22  2:04  Probe  
  22  2:05  Gateway  
  23  2:13  Stalker  
  23  2:14  Assimilator  
  23  2:21  Probe  
  25  2:24  Pylon  
  26  2:36  Probe  
  27  2:38  Warp Gate  
  27  2:40  Adept  
  29  2:47  Probe  
  29  2:50  Probe  
  31  2:54  Stalker  
  33  3:00  Probe  
  33  3:02  Probe  
  35  3:12  Probe  
  36  3:14  Gateway  
  36  3:16  Probe  
  37  3:24  Probe  
  37  3:26  Stalker  
  40  3:41  Stalker  
  42  3:52  Assimilator  
  42  3:56  Sentry  
  42  3:58  Pylon  
  42  4:01  Assimilator  
  44  4:14  Robotics Facility  
  44  4:21  Probe  
  44  4:23  Probe  
  45  4:31  Stargate  
  46  4:33  Probe  
  46  4:35  Probe  
  48  4:47  Probe  
  48  4:48  Probe, Pylon  
  50  4:59  Probe, Immortal  
  51  5:00  Forge  
  51  5:06  Void Ray  
  55  5:07  Probe  
  55  5:12  Probe  
  57  5:20  Probe  
  62  5:24  Probe  
  63  5:31  Zealot  
  63  5:32  Probe, Protoss Ground Weapons Level 1, Pylon  
  63  5:35  Observer  
  66  5:36  Probe  
  68  5:44  Probe  
  68  5:48  Photon Cannon  
  69  5:50  Probe, Zealot  
  69  5:53  Pylon  
  69  5:56  Probe  
  73  6:02  Probe  
  74  6:05  Stalker  
  74  6:08  Probe  
  77  6:14  Probe  
  77  6:16  Pylon  
  78  6:20  Probe, Stalker  
  81  6:26  Probe  
  81  6:29  Twilight Council  
  81  6:31  Probe  
  82  6:35  Stalker  
  82  6:38  Pylon  
  85  6:50  Stalker  
  87  6:58  Observer  
  88  7:05  Stalker  
  88  7:06  Blink  
  88  7:07  Pylon  
  90  7:09  Photon Cannon  
  90  7:10  Pylon  
  90  7:12  Pylon  
  90  7:18  Forge  
  90  7:20  Sentry  
  90  7:21  Protoss Ground Armor Level 1  
  92  7:33  Photon Cannon  
  92  7:35  Immortal, Photon Cannon  
  96  7:48  Void Ray  
  100  9:18  Warp Prism, Protoss Air Weapons Level 1  
  100  9:22  Void Ray  
  100  9:23  Void Ray  
  106  9:25  Fleet Beacon  
  106  9:30  Robotics Bay, Nexus  
  106  9:32  Robotics Facility  
  106  9:34  Stargate  
  106  9:36  Pylon  
  106  9:47  Warp Prism  
  106  9:58  Pylon  
  108  10:06  Phoenix  
  110  10:08  Tempest  
  81  10:18  Gravitic Drive  
  81  10:19  Observer  
  81  10:20  Tempest  
  73  10:24  Observer  
  74  10:28  Stargate  
  79  10:40  Warp Prism  
  81  10:43  Probe x3  
  81  10:49  Tempest  
  84  10:50  Assimilator  
  84  10:55  Probe x2  
  84  10:56  Probe  
  87  10:58  Zealot, Stalker  
  87  10:59  Zealot  
  85  11:05  Gravitic Boosters  
  85  11:07  Probe x2  
  70  11:11  Tempest  
  70  11:12  Immortal  
  70  11:18  Zealot  
  75  11:19  Stalker  
  75  11:21  Zealot  
  76  11:27  Immortal  
  71  11:38  Zealot  
  69  11:42  Zealot, Stalker  
  63  11:51  Immortal  
  56  11:59  Stalker  
  53  12:02  Stalker  
  53  12:05  Zealot  
  44  12:11  Void Ray  
  40  12:19  Stalker  
  40  12:22  Stalker  
  37  12:25  Stalker  
  28  12:52  Stalker  
  28  12:55  Stalker  
  30  13:00  Stalker  
  21  13:21  Probe  
Tags
 
Add a new tag
Caveats
  • Supply blocks, unpowered buildings, or Contaminate may cause inaccurate times.
  • Supply counts are checked every 10 seconds.